 Dungeon Crawl Stone Soup version 0.19-a0-1468-ge013c26 (webtiles) character file.

265789 Ijustatesigmund the Bludgeoner (level 19, -6/177 HPs)
             Began as a Minotaur Fighter on Sept 6, 2016.
             Was the Champion of Cheibriados.
             Killed by divine providence
             ... invoked by a smoke demon
              (10 damage)
             ... on level 2 of the Abyss on Sept 7, 2016.
             The game lasted 03:15:09 (37325 turns).

Ijustatesigmund the Bludgeoner (Minotaur Fighter)  Turns: 37325, Time: 03:15:10

Health: -6/177     AC: 38    Str: 38 (41) XL:     19   Next: 69%
Magic:  27/27      EV: 24    Int: 22      God:    Cheibriados [******]
Gold:   974        SH: 21    Dex: 29      Spells: 4 memorised, 12 levels left

rFire  . . .     SeeInvis .     F - +5 flail (holy)
rCold  + . .     Gourm    .     U - +4 plate armour of Vuthroezxy {rC+ Regen+}
rNeg   . . .     Faith    .     X - +2 shield {rPois}
rPois  +         Spirit   .     J - +2 hat
rElec  .         Dismiss  .     i - +2 cloak
rCorr  .         Reflect  +     H - +2 pair of gloves {Str+3}
MR     +....     Harm     .     y - +2 pair of boots
Stlth  .......... Rnd*Rage +    w - amulet of Noon {Reflect rPois Dex+2 SH+4}
                                e - +5 ring of protection
                                c - +4 ring of evasion

@: exhausted, very slightly contaminated, non-regenerating, diseased, slowed,
very slow
A: retaliatory headbutt, beak, horns 2, berserk 2, dopey 1, slow regeneration 2,
no device heal 1
a: Bend Time, Temporal Distortion, Slouch, Step From Time, Renounce Religion
}: 1/15 runes: serpentine


You were on level 2 of the Abyss.
You worshipped Cheibriados.
Cheibriados was exalted by your worship.
You were not hungry.

You visited 6 branches of the dungeon, and saw 31 of its levels.
You visited the Abyss 3 times.
You also visited: Labyrinth and Volcano.

You collected 3503 gold pieces.
You spent 2529 gold pieces at shops.

Inventory:

Hand Weapons
 r - a +0 flail of protection
 F - a +5 flail of holy wrath (weapon)
 R - a +3 hand crossbow of freezing
Missiles
 O - 92 bolts
Armour
 i - a +2 cloak (worn)
 y - a +2 pair of boots (worn)
 H - a +2 pair of gloves of strength (worn)
 J - a +2 hat (worn)
 T - the +1 plate armour of Weos {rCorr MP-9 SInv Stlth+}
   (You found it on level 13 of the Dungeon)

   It affects your magic capacity (-9).
   It lets you see invisible.
   It protects you from acid and corrosion.
   It makes you more stealthy.
 U - the +4 plate armour of Vuthroezxy (worn) {rC+ Regen+}
   (You bought it in a shop on level 14 of the Dungeon)

   It protects you from cold.
   It increases your rate of regeneration.
 X - a +2 shield of poison resistance (worn)
Rods
 P - a +3 rod of inaccuracy (13/13)
   (You found it on level 6 of the Lair of Beasts)
Jewellery
 c - a +4 ring of evasion (left hand)
 e - a +5 ring of protection (right hand)
 j - an uncursed ring of see invisible
 k - an uncursed ring of protection from magic
 l - an uncursed amulet of regeneration
 w - the amulet of Noon (around neck) {Reflect rPois Dex+2 SH+4}
   (You bought it in a shop on level 3 of the Snake Pit)

   [amulet of reflection]

   It shields you and reflects attacks.
   It affects your dexterity (+2).
   It protects you from poison.
   It affects your SH (+4).
 G - an uncursed ring of fire
 L - an uncursed ring of protection from cold
Wands
 v - a wand of iceblast (7/15)
 C - a wand of teleportation (3/9)
 E - a wand of polymorph (5/24)
 I - a wand of lightning (7/15)
 Q - a wand of heal wounds (6/9)
 V - a wand of acid (9/15)
 W - a wand of teleportation (6/9)
Scrolls
 b - a scroll of enchant armour
 n - 5 scrolls of fog
 s - 6 scrolls of teleportation
 z - 3 scrolls of immolation
 B - 6 scrolls of remove curse
 Y - a scroll of fear
 Z - a scroll of magic mapping
Potions
 a - a potion of resistance
 d - a potion of might
 g - 3 potions of agility
 h - 8 potions of brilliance
 m - 3 potions of curing
 p - 4 potions of ambrosia
 t - 2 potions of cure mutation
 u - a potion of cancellation
 D - 3 potions of flight
 M - 3 potions of heal wounds
 S - 4 potions of mutation
Books
 o - a book of the Dragon

   Spells                             Type                      Level
   a - Flame Tongue                   Conjuration/Fire             1
   b - Cause Fear                     Hexes                        4
   c - Bolt of Fire                   Conjuration/Fire             6
   d - Dragon Form                    Transmutation                7
   e - Dragon's Call                  Summoning                    9
 A - a book of Minor Magic

   Spells                             Type                      Level
   a - Magic Dart                     Conjuration                  1
   b - Blink                          Translocation                2
   c - Call Imp                       Summoning                    2
   d - Repel Missiles                 Charms/Air                   2
   e - Slow                           Hexes                        2
   f - Conjure Flame                  Conjuration/Fire             3
   g - Mephitic Cloud                 Conjuration/Poison/Air       3
 K - a book of Death

   Spells                             Type                      Level
   a - Corpse Rot                     Necromancy                   2
   b - Sublimation of Blood           Necromancy                   2
   c - Agony                          Necromancy                   5
   d - Dispel Undead                  Necromancy                   5
   e - Excruciating Wounds            Charms/Necromancy            5
   f - Bolt of Draining               Conjuration/Necromancy       5
Miscellaneous
 x - a box of beasts
Comestibles
 f - 20 bread rations
 q - 13 meat rations


   Skills:
 - Level 17.2 Fighting
 - Level 17.5 Maces & Flails
 - Level 10.0 Crossbows
 - Level 8.0 Throwing
 - Level 14.5 Armour
 - Level 12.8 Dodging
 - Level 5.8 Stealth
 + Level 8.6 Shields
 - Level 6.8 Summonings
 + Level 9.0 Translocations
 - Level 12.2 Invocations
 - Level 7.5 Evocations


You had 12 spell levels left.
You knew the following spells:

 Your Spells              Type           Power        Failure   Level  Hunger
a - Apportation           Tloc           #####.....   3%          1    ##.....
b - Summon Butterflies    Summ           ####....     12%         1    ##.....
c - Blink                 Tloc           N/A          6%          2    ###....
d - Repel Missiles        Chrm/Air       #.....       99%         2    ###....


Dungeon Overview and Level Annotations

Branches:
Dungeon (15/15)            Temple (0/1) D:6            Lair (6/6) D:9
 Shoals (1/4) Lair:3        Snake (4/4) Lair:2        Slime (0/5) Lair:5
    Orc (2/2) D:9             Elf (3/3) Orc:2        Vaults (0/5) D:13
 Depths (0/5) D:15

Altars:
Cheibriados
Elyvilon
Fedhas
Kikubaaqudgha
Nemelex Xobeh
Ru
Trog
Yredelemnul
Beogh

Shops:
D:4 *   D:13 *   D:14 *[   D:15 !   Orc:2 :%([   Elf:1 =}}?   Snake:3 :=:


Innate Abilities, Weirdness & Mutations

You reflexively headbutt those who attack you in melee.
You have a pair of horns on your head.
You have a beak for a mouth.
[You often lose your temper in combat.]
[You are dopey. (Int -2)]
[You do not regenerate when monsters are visible.]
[Potions and wands are less effective at restoring your health.]


Message History

The shadow disappears in a puff of smoke!
You feel the corruption within you wane somewhat.
Your urge to yell lessens.
Your urge to shout disappears.
You feel a little less angry. The starcursed mass misses you.
A starcursed mass splits.
The large abomination hits you!!
* * * LOW HITPOINT WARNING * * *
The smoke demon gestures at you. Something smites you!
* * * LOW HITPOINT WARNING * * *
You block the orange demon's attack. You block the starcursed mass's attack.
A neqoxec comes into view.
Blink to where?
Press: ? - help, Dir - move target cursor You are very lightly contaminated with residual magic.
As you read the scroll of blinking, it crumbles to dust.
A starcursed mass splits.
The smoke demon gestures at you. Something smites you!
You die...

#..#.. #..... ##
#.....# #.##
.......#...#
.........#.#
.....?.....# .....
...........#
.3/....#.....@#
............#.#
....#........#.#.#
.......#...$.##.
..........X...#.#
..........3#.##.#
........XX...#..###
.......4XX...... ..
...$#..)XXX.....#


You could see 4 starcursed masses, an orange demon, a large abomination and a
smoke demon.

Vanquished Creatures
  Saint Roka (Orc:2)
  A bone dragon (Abyss:3)
  2 deep elf blademasters (Elf:3)
  2 tentacled starspawn
  Agnes (Snake:1)
  21 greater nagas
  5 deep elf sorcerers
  5 deep elf elementalists
  Aizul (Snake:1)
  4 deep elf demonologists
  2 entropy weavers (Lair:6)
  6 deep elf annihilators
  A green death (Abyss:3)
  A deep elf death mage (Elf:3)
  A minotaur (Lab)
  A deep elf high priest (Elf:2)
  2 merfolk impalers (Shoals:1)
  A great orb of eyes (Abyss:2)
  Fannar (D:11)
  A rakshasa (Abyss:3)
  Harold (Volcano)
  7 hydras
  3 catoblepae (Lair:6)
  15 naga warriors
  13 anacondas
  A queen ant (Lair:6)
  31 dancing weapons
  19 death yaks
  A titan zombie (D:15)
  2 centaur warriors
  2 tengu warriors (D:15)
  A death knight (D:14)
  The ghost of Kidiri the Thaumaturge, a novice DEFE of Vehumet (Lair:1)
  10 naga sharpshooters
  A vampire mage (D:15)
  Sonja (D:15)
  8 orc high priests
  2 thrashing horrors
  6 shock serpents
  12 deep elf knights
  3 wretched stars
  A spatial maelstrom (Abyss:3)
  6 salamander mystics
  5 skeletal warriors (D:15)
  6 sea snakes
  3 unseen horrors
  5 hill giants
  A necromancer (D:15)
  9 deep elf archers
  6 orc knights (Orc:2)
  3 naga ritualists
  2 phantasmal warriors (D:14)
  A lindwurm (Lair:2)
  A wolf spider zombie (D:13)
  17 ugly things
  An orb spider (Abyss:2)
  10 mana vipers
  6 manticores
  44 deep elf magi
  3 orc sorcerers
  3 cyclopes
  3 griffons
  A worldbinder (Abyss:2)
  A shadow dragon skeleton (D:15)
  A faun (Shoals:1)
  A moth of wrath (shapeshifter) (Elf:2)
  12 salamanders
  2 sirens
  A stone giant skeleton (Abyss:2)
  A frost giant skeleton (D:15)
  An apocalypse crab (Abyss:2)
  3 elephants (Lair:4)
  A molten gargoyle (Volcano)
  3 torpor snails
  34 black mambas
  14 guardian serpents
  20 naga magi
  A smoke demon (Abyss:2)
  5 gargoyles
  12 spiny frogs
  3 freezing wraiths
  A spiny frog (shapeshifter) (D:14)
  An efreet (D:15)
  A rime drake (Lair:3)
  6 komodo dragons
  3 ancient zymes
  A ghost moth simulacrum (Abyss:3)
  4 trolls
  7 merfolk (Shoals:1)
  A polar bear (Lair:5)
  10 slime creatures
  Grinder (D:6)
  3 two-headed ogres
  25 blink frogs
  An ettin zombie (D:15)
  3 raiju
  2 snapping turtles (Shoals:1)
  6 dream sheep (Lair:5)
  2 air elementals
  A centaur simulacrum (D:15)
  A spriggan (shapeshifter) (Elf:2)
  3 wraiths
  2 wyverns
  2 water elementals (Elf:2)
  A spriggan (D:7)
  43 yaks
  3 small abominations
  A fire elemental (Elf:1)
  A hungry ghost (D:14)
  Eustachio (D:4)
  4 basilisks
  2 chaos spawn
  2 spatial vortices (Abyss:3)
  8 hippogriffs
  10 vampire mosquitoes
  5 large abominations
  13 soldier ants
  4 wargs
  2 mottled dragons
  45 nagas
  25 water moccasins
  8 porcupines
  2 sky beasts
  32 orc warriors
  2 black bears
  2 ice beasts
  2 necrophages
  7 ogres
  An eye of draining (D:14)
  12 wolves
  5 centaurs
  18 crocodiles
  Blork the orc (D:4)
  20 giant frogs
  An earth elemental (Elf:2)
  A water moccasin zombie (D:8)
  3 wyvern skeletons
  3 scorpions
  15 killer bees
  3 electric eels
  5 wights (D:11)
  5 crimson imps
  3 lava snakes (Volcano)
  2 quasits
  4 centaur zombies
  13 starcursed masses (Abyss:2)
  A gnoll shaman (D:7)
  5 hounds
  4 jellies
  24 orc priests
  26 orc wizards
  2 centaur skeletons
  2 giant frog skeletons (D:10)
  8 iguanas
  33 worker ants
  2 worker ant zombies
  11 adders
  10 gnolls
  54 river rats
  4 shadow imps
  A white imp (Abyss:3)
  2 oozes (D:3)
  2 adder skeletons
  2 dart slugs
  6 giant geckos
  121 orcs
  4 giant cockroaches
  5 goblins
  14 hobgoblins
  7 jackals
  5 quokkas
  4 ball pythons (Snake:3)
  8 bats
  2 giant gecko skeletons
  6 giant newts
  2 gnoll zombies (D:9)
  11 kobolds
  A quokka skeleton (D:4)
  10 rats
  3 starspawn tentacles
1282 creatures vanquished.

Vanquished Creatures (others)
  A deep elf master archer (Elf:3)
  A deep elf knight (Elf:1)
  2 deep elf archers
  A naga ritualist (Snake:4)
  A deep elf mage (Elf:1)
  4 black mambas (Snake:4)
  A guardian serpent (Snake:4)
  An orc warrior (Volcano)
  A centaur (Shoals:1)
  An iguana (Lair:1)
  A quokka (D:11)
  A bush (Lair:5)
  20 fungi
  19 plants
  4 starspawn tentacles
  3 withered plants (D:15)
62 creatures vanquished.

Grand Total: 1344 creatures vanquished

Notes
Turn   | Place    | Note
-------+----------+-------------------------------------------
     0 | D:1      | Ijustatesigmund the Minotaur Fighter began the quest for the Orb.
     0 | D:1      | Reached XP level 1. HP: 19/19 MP: 0/0
     2 | D:1      | Noticed a ghoul
     2 | D:1      | Noticed a spriggan
     4 | D:1      | Noticed a minotaur
     4 | D:1      | Noticed an octopode
     6 | D:1      | Noticed a gargoyle
     6 | D:1      | Noticed a vampire
     8 | D:1      | Noticed a tengu
    10 | D:1      | Noticed an elf
    12 | D:1      | Noticed a draconian
    12 | D:1      | Noticed a halfling
    14 | D:1      | Noticed a felid
    14 | D:1      | Noticed a merfolk
    16 | D:1      | Noticed a formicid
    16 | D:1      | Noticed a demigod
    18 | D:1      | Noticed an ogre
    18 | D:1      | Noticed a dwarf
    20 | D:1      | Noticed a troll
    20 | D:1      | Noticed a human
    22 | D:1      | Noticed a demonspawn
    24 | D:1      | Noticed a naga
    26 | D:1      | Noticed a vine stalker
    26 | D:1      | Noticed a centaur
   195 | D:1      | Reached XP level 2. HP: 23/27 MP: 1/1
   270 | D:1      | Reached skill level 1 in Dodging
   554 | D:2      | Reached XP level 3. HP: 17/33 MP: 2/2
  1088 | D:2      | Found a snail-covered altar of Cheibriados.
  1105 | D:2      | Became a worshipper of Cheibriados the Contemplative
  1400 | D:3      | Reached skill level 1 in Invocations
  1400 | D:3      | Reached XP level 4. HP: 41/41 MP: 3/3
  1630 | D:3      | Reached * piety under Cheibriados
  1700 | D:3      | Reached XP level 5. HP: 47/47 MP: 5/5
  1974 | D:4      | Noticed Blork the orc
  1978 | D:4      | Killed Blork the orc
  1978 | D:4      | Reached skill level 5 in Fighting
  2097 | D:4      | Reached ** piety under Cheibriados
  2194 | D:4      | Reached XP level 6. HP: 50/56 MP: 6/6
  2398 | D:4      | Reached skill level 5 in Maces & Flails
  2484 | D:4      | Found Engeybu's Assorted Antiques.
  2491 | D:4      | Bought a runed shortbow for 72 gold pieces
  2673 | D:4      | Noticed Eustachio
  2685 | D:4      | Killed Eustachio
  2685 | D:4      | Reached XP level 7. HP: 64/64 MP: 8/8
  2700 | D:4      | Found a sacrificial altar of Ru.
  2954 | D:4      | Reached *** piety under Cheibriados
  3014 | D:5      | Entered Level 5 of the Dungeon
  3192 | D:5      | Found a blossoming altar of Fedhas.
  3374 | D:5      | Found an ancient bone altar of Kikubaaqudgha.
  3443 | D:6      | Found a staircase to the Ecumenical Temple.
  3754 | D:6      | Noticed Grinder
  3758 | D:6      | Paralysed by Grinder for 5 turns
  3769 | D:6      | Killed Grinder
  3769 | D:6      | Reached skill level 5 in Invocations
  3769 | D:6      | Reached XP level 8. HP: 63/73 MP: 10/10
  3876 | D:6      | Reached **** piety under Cheibriados
  4286 | D:4      | Bought a pair of embroidered gloves for 108 gold pieces
  4652 | D:7      | Found a sparkling altar of Nemelex Xobeh.
  5158 | D:8      | Found a bloodstained altar of Trog.
  5277 | D:9      | Reached XP level 9. HP: 83/83 MP: 12/12
  5286 | D:9      | Found a staircase to the Lair.
  5340 | D:9      | Reached ***** piety under Cheibriados
  6171 | D:9      | Found a staircase to the Orcish Mines.
  6176 | D:9      | Found a roughly hewn altar of Beogh.
  6246 | D:9      | Reached skill level 10 in Fighting
  6548 | D:9      | Found a basalt altar of Yredelemnul.
  6633 | D:10     | Entered Level 10 of the Dungeon
  6935 | D:10     | Learned a level 1 spell: Apportation
  6937 | D:10     | Learned a level 1 spell: Summon Butterflies
  6964 | D:10     | Reached skill level 1 in Translocations
  6964 | D:10     | Reached XP level 10. HP: 88/94 MP: 14/14
  6982 | D:10     | Reached skill level 1 in Summonings
  7446 | D:11     | Noticed Fannar
  7447 | D:11     | HP: 4/94 [yak (9)]
  7700 | D:11     | Noticed a cyclops
  7711 | D:11     | Killed a cyclops
  7793 | D:11     | Noticed a cyclops
  7808 | D:11     | Killed a cyclops
  7939 | D:11     | Reached skill level 1 in Stealth
  7969 | D:11     | Found a white marble altar of Elyvilon.
  7991 | D:11     | Reached skill level 1 in Crossbows
  7995 | D:11     | Reached ****** piety under Cheibriados
  8314 | D:11     | Killed Fannar
  8314 | D:11     | Reached XP level 11. HP: 78/101 MP: 15/15
  8451 | D:11     | Noticed an unseen horror
  8453 | D:11     | Killed an unseen horror
  8866 | D:11     | Noticed a purple ugly thing
  8884 | D:11     | Killed a purple ugly thing
  8884 | D:11     | Reached skill level 5 in Crossbows
  9255 | D:12     | Reached skill level 5 in Stealth
  9345 | D:12     | Noticed an unseen horror
  9352 | D:12     | Killed an unseen horror
  9372 | D:12     | Noticed a red ugly thing
  9625 | D:12     | Noticed a hill giant
  9630 | D:12     | Killed a hill giant
  9630 | D:12     | Reached skill level 10 in Maces & Flails
  9664 | D:12     | Noticed a white ugly thing
  9675 | D:12     | Killed a white ugly thing
  9967 | D:12     | Noticed a hill giant
 10054 | D:12     | Killed a hill giant
 10054 | D:12     | Reached skill level 5 in Armour
 10245 | D:13     | Found Tedaj's Assorted Antiques.
 10253 | D:13     | Bought a runed fluorescent wand for 132 gold pieces
 10282 | D:13     | Noticed a centaur warrior
 10298 | D:13     | Killed a centaur warrior
 10298 | D:13     | Reached skill level 5 in Shields
 10298 | D:13     | Reached XP level 12. HP: 55/110 MP: 16/16
 10637 | D:13     | Noticed a five-headed hydra
 10649 | D:13     | Killed a five-headed hydra
 10828 | D:13     | Got an ancient plate armour
 10839 | D:13     | Identified the cursed +1 plate armour of Weos {rCorr MP-9 SInv Stlth+} (You found it on level 13 of the Dungeon)
 10877 | D:13     | Found a gate to the Vaults.
 11106 | Lair:1   | Entered Level 1 of the Lair of Beasts
 11217 | Lair:1   | Noticed Kidiri's ghost (novice DEFE)
 11233 | Lair:1   | Killed Kidiri's ghost
 11467 | Lair:1   | Noticed an eight-headed hydra
 11479 | Lair:1   | Killed an eight-headed hydra
 12217 | Lair:2   | Found a dark tunnel.
 12226 | Volcano  | Entered a volcano
 12478 | Volcano  | Found a bloodstained altar of Trog.
 12478 | Volcano  | Noticed Harold
 12500 | Volcano  | Killed Harold
 12742 | Lair:2   | Reached skill level 5 in Dodging
 12924 | Lair:2   | Found a staircase to the Snake Pit.
 13227 | Lair:2   | Reached XP level 13. HP: 116/116 MP: 9/18
 13771 | Lair:3   | Found a staircase to the Shoals.
 14619 | Lair:3   | Reached skill level 10 in Invocations
 14906 | Lair:4   | Found a labyrinth entrance.
 14937 | Lair:4   | Reached skill level 10 in Armour
 14970 | Lab      | Entered a labyrinth
 15147 | Lab      | Noticed a minotaur
 15154 | Lab      | Killed a minotaur
 15175 | Lab      | Got a smelly ring mail
 15189 | Lab      | Identified the +2 ring mail "Zoskoet" {Str+3} (You found it in a labyrinth)
 16086 | Lair:5   | Found a staircase to the Slime Pits.
 16258 | Lair:5   | Reached XP level 14. HP: 126/127 MP: 11/20
 16819 | Lair:6   | Entered Level 6 of the Lair of Beasts
 16939 | Lair:6   | Noticed an entropy weaver
 16940 | Lair:6   | Noticed an entropy weaver
 17280 | Lair:6   | Killed an entropy weaver
 17397 | Lair:6   | Killed an entropy weaver
 17997 | Lair:6   | Reached skill level 15 in Fighting
 18321 | Lair:6   | Identified a +3 rod of inaccuracy (13/13) (You found it on level 6 of the Lair of Beasts)
 18626 | Orc:1    | Entered Level 1 of the Orcish Mines
 18816 | Orc:1    | Reached XP level 15. HP: 138/141 MP: 12/21
 18988 | Orc:1    | Found a roughly hewn altar of Beogh.
 19203 | Orc:2    | Entered Level 2 of the Orcish Mines
 19410 | Orc:2    | Noticed Saint Roka
 19447 | Orc:1    | Reached skill level 10 in Crossbows
 19760 | Orc:2    | Killed Saint Roka
 20524 | Orc:2    | Found a staircase to the Elven Halls.
 20616 | Orc:2    | Gained mutation: [You are dopey. (Int -2)] [a neqoxec]
 21079 | Orc:2    | Reached skill level 5 in Translocations
 21128 | Orc:2    | Found Veyvvoug's Book Boutique.
 21128 | Orc:2    | Found Uredac's Armour Boutique.
 21129 | Orc:2    | Found Taxit's Food Boutique.
 21129 | Orc:2    | Found Tikloz's Weapon Shop.
 21458 | D:14     | Reached skill level 5 in Summonings
 21536 | D:14     | Found Ecroissa's Armour Shop.
 21544 | D:14     | Bought the +4 plate armour of Vuthroezxy {rC+ Regen+} for 627 gold pieces
 22158 | D:14     | Found Wuipseut's Demolitions Depot.
 22298 | D:15     | Entered Level 15 of the Dungeon
 22370 | D:15     | Found Orajuw's Distillery.
 22378 | D:15     | Bought a potion of curing for 51 gold pieces
 22399 | D:15     | Got a transparent scale mail
 22421 | D:14     | Identified the +6 scale mail "Iqaigoteh" {*Drain rC+ Int+4} (You found it on level 15 of the Dungeon)
 22714 | D:15     | Found a staircase to the Depths.
 22947 | D:15     | Reached XP level 16. HP: 142/150 MP: 24/24
 23056 | D:15     | Noticed Sonja
 23061 | D:15     | Killed Sonja
 24020 | Snake:1  | Entered Level 1 of the Snake Pit
 24159 | Snake:1  | Got a jewelled chain mail
 24170 | Snake:1  | Identified the +6 chain mail "Jeaber" {rElec Int+3 Slay-6 SInv} (You found it on level 1 of the Snake Pit)
 24269 | Snake:1  | Noticed Aizul
 24290 | Snake:1  | Killed Aizul
 24332 | Snake:1  | Noticed Agnes
 24348 | Snake:1  | Killed Agnes
 25561 | Snake:2  | Reached skill level 1 in Evocations
 26536 | Snake:3  | Reached skill level 1 in Throwing
 26751 | Snake:3  | Found Wuamnouge's Book Shop.
 26758 | Snake:3  | Found Qaceheoli's Jewellery Boutique.
 26760 | Snake:3  | Found Qasoxzed's Book Shop.
 26770 | Snake:3  | Bought the amulet of Noon {Reflect rPois Dex+2 SH+4} for 525 gold pieces
 27148 | Snake:3  | Reached skill level 5 in Evocations
 27632 | Snake:3  | Reached XP level 17. HP: 149/157 MP: 16/25
 27811 | Snake:4  | Entered Level 4 of the Snake Pit
 28092 | Snake:4  | Reached skill level 5 in Throwing
 30005 | Snake:4  | Got a serpentine rune of Zot
 30071 | Snake:3  | HP: 7/158 [poisoned by a greater naga (bolt of poison)]
 30077 | Snake:3  | HP: 5/158 [poisoned by a greater naga (bolt of poison)]
 31056 | Snake:4  | Reached skill level 15 in Maces & Flails
 31375 | Snake:4  | Reached XP level 18. HP: 167/167 MP: 26/26
 31976 | Shoals:1 | Entered Level 1 of the Shoals
 32037 | Shoals:1 | Lost mutation: [You are dopey. (Int -2)] [potion of cure mutation]
 32038 | Shoals:1 | Gained mutation: You have a beak for a mouth. [potion of beneficial mutation]
 32949 | Elf:1    | Entered Level 1 of the Elven Halls
 33162 | Elf:1    | Found Senetough's Gadget Emporium.
 33164 | Elf:1    | Found Idoening's Jewellery Shop.
 33165 | Elf:1    | Found Qoweten's Gadget Emporium.
 33280 | Elf:1    | Found Jaugoru's Magic Scroll Boutique.
 33310 | Elf:1    | Bought 2 scrolls of teleportation for 78 gold pieces
 33310 | Elf:1    | Bought a scroll of acquirement for 676 gold pieces
 33310 | Elf:1    | Bought a scroll of brand weapon for 260 gold pieces
 33901 | Elf:1    | Upgraded the game from 0.19-a0-1457-g32fba05 to 0.19-a0-1468-ge013c26
 34080 | Elf:2    | Found a runed gate.
 34085 | Elf:2    | Found a runed gate.
 34098 | Elf:2    | Found a runed gate.
 34738 | Elf:2    | Reached skill level 10 in Dodging
 35192 | Elf:2    | Learned a level 2 spell: Blink
 35195 | Elf:2    | Learned a level 2 spell: Repel Missiles
 35314 | Elf:3    | Entered Level 3 of the Elven Halls
 35360 | Elf:3    | Reached XP level 19. HP: 177/177 MP: 27/27
 35714 | Elf:3    | Cast into level 2 of the Abyss (a deep elf sorcerer)
 35862 | Elf:3    | Escaped the Abyss
 36046 | Elf:3    | Noticed a Tzitzimitl
 36672 | Elf:3    | Cast into level 3 of the Abyss (a deep elf demonologist)
 36672 | Abyss:3  | Found a corrupted altar of Lugonu.
 36718 | Abyss:3  | Noticed a bone dragon
 36732 | Abyss:3  | Killed a bone dragon
 36979 | Elf:3    | Escaped the Abyss
 37041 | Elf:3    | Cast into level 2 of the Abyss (a deep elf demonologist)
 37320 | Abyss:2  | Paralysed by accursed screaming for 1 turns
 37324 | Abyss:2  | HP: 4/177 [smoke demon/divine providence (12)]
 37325 | Abyss:2  | Killed from afar by a smoke demon

Vault maps used:
D:1:      kb_arrival_jail
D:2:      lemuel_round_altar
D:4:      corexii_shack_village, kennysheep_little_box, serial_shops,
          nicolae_shop_overgrown_old_shop, first_bread, minivault_27,
          roderic_serpentine_path, uniq_eustachio, uniq_blork_the_orc
D:5:      kennysheep_mini_moat, fedhas_altar_fruit_tree
D:6:      uniq_grinder
D:7:      the_bakery, nemelex_diamond_rough_becter
D:8:      bloody_trog, kennysheep_generic_room_15
D:9:      lemuel_zombie_altar_yredelemnul, dpeg_oklobed_lair,
          minmay_orc_entry_temple_small
D:11:     elyvilon_altar_4, uniq_fannar
D:13:     david_vaults_1, serial_shops, shop
D:14:     serial_shops, nicolae_shop_temple_entry_statues_fountains,
          nicolae_blasting_shop
D:15:     gammafunk_depths_entry_grave, serial_shops, shop, uniq_sonja
Lair:1:   lemuel_old_faithful, infiniplex_staircase_pool
Lair:2:   statuecave_lemuel, dummy_snake_entry, nicolae_volcano_entry_vermiform,
          guppyfry_lair_drakes
Lair:3:   minmay_shoals_entry_lonely_mermaid
Lair:4:   lab_entry_generic
Lair:5:   minmay_slime_entry_pillars, serial_forest,
          infiniplex_forest_clump_tiny, infiniplex_forest_clump_cross,
          infiniplex_forest_end_2, infiniplex_forest_clump_diagonal,
          infiniplex_forest_straight_2, infiniplex_forest_corner_2,
          infiniplex_forest_clump_double, infiniplex_forest_clump_diagonal,
          infiniplex_forest_lined_1, serial_bayou_shore_b
Lair:6:   evilmike_catoblepas_cave, minmay_another_anthill
Snake:1:  uniq_agnes, uniq_aizul
Snake:2:  st_stairs_12
Snake:3:  cheibrodos_snake_ritualist_ritual, nicolae_snake_springs,
          minmay_shop_star
Snake:4:  snake_hunt, grunt_ministairs_7
Orc:1:    bh_open_orc_temple
Orc:2:    st_orc_pillars, uniq_saint_roka
Elf:1:    serial_shops, nicolae_shop_waterfront, minmay_elf_crystal_hexagon,
          minmay_shop_grove
Elf:3:    minmay_elf_hall_dome, minmay_elf_sorcery
Abyss:2:  evilmike_abyss_exit_1
Abyss:3:  nicolae_abyss_rune_left_handed,
          hangedman_abyss_or_decor_jellyfish_corner
Lab:      labyrinth_spiral, lab_block, nicolae_lab_garden
Volcano:  volcano_lake

Skill      XL: |  1  2  3  4  5  6  7  8  9 10 11 12 13 14 15 16 17 18 19 |
---------------+----------------------------------------------------------+-----
Fighting       | 4 5 6 7 9 10 11 12 15 16 17 | 17.2
Dodging        | 1 2 5 7 10 12 | 12.8
Maces & Flails | 3 4 5 6 8 9 10 12 13 14 15 17 | 17.5
Invocations    | 1 2 3 5 6 7 9 10 12 | 12.2
Translocations | 1 4 6 9 |  9.0
Summonings     | 4 6 |  6.8
Stealth        | 3 5 |  5.8
Crossbows      | 3 7 9 10 | 10.0
Armour         | 5 8 10 13 14 | 14.5
Shields        | 5 6 8 |  8.6
Evocations     | 5 7 |  7.5
Throwing       | 4 7 8 |  8.0

Action                   |  1- 3 |  4- 6 |  7- 9 | 10-12 | 13-15 | 16-18 | 19-21 || total
-------------------------+-------+-------+-------+-------+-------+-------+-------++-------
Melee: Flail             |    98 |   116 |   247 |   403 |  1172 |   774 |   251 ||  3061
       Headbutt          |     9 |    32 |    76 |   127 |   529 |   282 |   100 ||  1155
       Hand crossbow     |       |       |       |       |     1 |       |       ||     1
       Peck              |       |       |       |       |       |   115 |    86 ||   201
 Fire: Hand crossbow     |       |       |       |   146 |   431 |   987 |    80 ||  1644
Throw: Javelin           |       |       |     5 |    10 |     9 |     2 |     2 ||    28
       Throwing net      |       |       |       |       |     1 |     2 |       ||     3
 Cast: Apportation       |       |       |       |       |       |     1 |     4 ||     5
Invok: Slouch            |       |       |       |     2 |     6 |     7 |       ||    15
       Temporal Distorti |       |       |       |     1 |     1 |       |       ||     2
Evoke: Phantom mirror    |       |       |       |     1 |       |       |       ||     1
       Wand              |       |       |       |     5 |     7 |     5 |     3 ||    20
       Box of beasts     |       |       |       |       |     1 |       |       ||     1
  Use: Scroll            |     9 |     4 |     9 |    15 |    12 |    17 |     6 ||    72
       Potion            |       |       |     3 |     4 |     3 |    10 |     1 ||    21
 Stab: Sleeping          |       |       |     3 |     5 |       |       |       ||     8
       Invisible         |       |       |     4 |       |       |       |       ||     4
       Held in net/web   |       |       |       |       |       |     2 |       ||     2
  Eat: Chunk             |     2 |     2 |     8 |     4 |    11 |     3 |       ||    30
       Fruit             |       |       |     1 |     4 |     1 |    15 |     3 ||    24
       Beef jerky        |       |       |       |     2 |     1 |     2 |       ||     5
       Pizza             |       |       |       |     1 |     2 |     2 |       ||     5
       Royal jelly       |       |       |       |       |     2 |     1 |       ||     3
       Meat ration       |       |       |       |       |       |       |     1 ||     1
Armor: Scale mail        |    61 |    52 |       |       |       |       |       ||   113
       Leather armour    |       |       |    83 |    49 |       |       |       ||   132
       Plate armour      |       |       |       |    69 |   489 |   518 |   132 ||  1208
Dodge: Dodged            |    33 |    37 |   103 |   197 |   491 |   615 |   200 ||  1676
Block: Shield            |    52 |    65 |   146 |   293 |   807 |  1347 |   338 ||  3048
       Reflection        |       |       |       |       |       |   175 |    14 ||   189
